 Dungeon Crawl Stone Soup version 0.15-a0-2291-g2252c12 (webtiles) character file.

61256 staplegun the Thaumaturge (level 15, -8/97 HPs)
             Began as an Octopode Ice Elementalist on July 27, 2014.
             Was the Champion of Qazlal.
             Mangled by a vampire knight
             ... wielding a +0 battleaxe
              (31 damage)
             ... while paralysed by a vampire knight
             ... on Level 11 of the Dungeon.
             The game lasted 02:15:24 (32970 turns).

staplegun the Thaumaturge (OpIE)                   Turns: 32970, Time: 02:15:25

HP  -8/97        AC 17     Str  7      XL: 15   Next:  2%
MP  18/34        EV  2     Int 29      God: Qazlal [******]
Gold 1802        SH  0     Dex 14      Spells:  6 memorised, 13 levels left

rFire  x . .     SeeInvis +     e - +6 halberd of Temperance {chop, Noisy +Inv +Fly rElec rPois Int+3}
rCold  + + .     Clarity  .     (no shield)
rNeg   . . .     rCorr    +     s - +2 hat
rPois  +         rRot     .     v - amulet of resist corrosion
rElec  +         Spirit   .     r - ring of ice
SustAb .         Warding  .     d - ring of wizardry
rMut   .         Stasis   .     t - ring of ice
Gourm  .                        y - ring of see invisible
MR     ++...                    E - ring of protection from magic
                                O - ring of protection from fire
                                X - +3 ring of intelligence
                                F - ring of teleport control

@: paralysed, icy armour, icy shield, protected from physical damage, repel
missiles, drained, very resistant to hostile enchantments, unstealthy
A: almost no armour, amphibious, 8 rings, constrict 8, camouflage 1, blurry
vision 1, gelatinous body 1
a: Upheaval, Elemental Force, Disaster Area, Renounce Religion, Evoke
Invisibility, Evoke Flight, Evoke Teleport Control


You were on level 11 of the Dungeon.
You worshipped Qazlal.
Qazlal was exalted by your worship.
You were hungry.

You visited 5 branches of the dungeon, and saw 25 of its levels.
You also visited: Ossuary.

You collected 2642 gold pieces.
You spent 840 gold pieces at shops.

Inventory:

Hand weapons
 e - the +6 halberd of Temperance (weapon) {chop, Noisy +Inv +Fly rElec rPois Int+3}
   (You bought it in a shop on level 5 of the Dungeon)

   It inflicts extra damage upon your enemies.
   It affects your intelligence (+3).
   It insulates you from electricity.
   It protects you from poison.
   It lets you turn invisible.
   It lets you fly.
   It may make noises in combat.
 w - the +1 lajatang "Cekheuq" {drain, rF+ rN+}
   (You bought it in a shop on level 2 of the Orcish Mines)

   A truly terrible weapon, it drains the life of those it strikes.
   It protects you from fire.
   It protects you from negative energy.
Armour
 s - a +2 hat (worn)
Magical devices
 a - a wand of digging (18)
 u - a wand of digging (9)
 A - a wand of disintegration (13)
 Q - a wand of lightning (2)
Comestibles
 c - 3 bread rations
 f - 3 chunks of orc flesh
 i - 4 meat rations
 k - 48 fruits
 m - 8 royal jellies
Scrolls
 g - a scroll of vulnerability
 n - 2 scrolls of remove curse
 o - 2 scrolls of magic mapping
 C - 4 scrolls of teleportation
 T - 3 scrolls of identify
 Z - a scroll of blinking
Jewellery
 d - a ring of wizardry (right tentacle)
 r - a ring of ice (left tentacle)
 t - a ring of ice (on tentacle)
 v - an amulet of resist corrosion (around mantle)
 y - a ring of see invisible (on tentacle)
 E - a ring of protection from magic (on tentacle)
 F - a ring of teleport control (on tentacle)
 O - a ring of protection from fire (on tentacle)
 P - an uncursed amulet of resist mutation
 S - an uncursed ring of fire
 X - a +3 ring of intelligence (on tentacle)
Potions
 b - a potion of haste {unknown}
 h - 2 potions of magic
 l - a potion of agility
 p - 6 potions of curing
 H - 4 potions of heal wounds
 L - 3 potions of restore abilities
 M - 2 potions of cancellation
Magical staves
 q - an uncursed staff of cold
Miscellaneous
 G - a lamp of fire (inert)


   Skills:
 - Level 7.0(6.5) Fighting
   Level 4.1(3.6) Short Blades
 - Level 7.0(6.9) Polearms
 - Level 5.2(5.6) Staves
 - Level 8.2(7.6) Dodging
 - Level 11.3(10.8) Stealth
 - Level 12.0(11.4) Spellcasting
 + Level 3.2(2.7) Conjurations
 - Level 0.6(0.1) Charms
 - Level 6.0(5.5) Summonings
 + Level 5.8(5.3) Necromancy
 + Level 11.8(11.3) Ice Magic
 + Level 6.8(6.3) Invocations


You had 13 spell levels left.
You knew the following spells:

 Your Spells              Type           Power        Failure   Level  Hunger
a - Throw Icicle          Conj/Ice       #######.     1%          4    None
d - Bolt of Draining      Conj/Necr      #####.....   9%          5    #......
q - Summon Ice Beast      Ice/Summ       #######.     1%          4    None
s - Dispel Undead         Necr           #####...     4%          5    #......
x - Condensation Shield   Ice            ########..   1%          4    None
z - Ozocubu's Armour      Chrm/Ice       #######.     1%          3    None


Dungeon Overview and Level Annotations

Branches:
Dungeon (12/15)            Temple (1/1) D:7             Orc (4/4) D:9
    Elf (1/3) Orc:4          Lair (7/8) D:11         Shoals (0/5) Lair:6
  Snake (0/5) Lair:3
  Slime: Lair:6-8

Altars:
Ashenzari
Cheibriados
Dithmenos
Elyvilon
Fedhas
Gozag
Kikubaaqudgha
Makhleb
Nemelex Xobeh
Okawaru
Qazlal
Sif Muna
Trog
Vehumet
Xom
Yredelemnul
Zin
The Shining One
Beogh

Shops:
D:5 (   Orc:2 (   Orc:4 (([(

Annotations:
D:11 new stairs
Lair:7 Nergalle


Innate Abilities, Weirdness & Mutations

You cannot wear most types of armour.
You are amphibious.
You can wear up to eight rings at the same time.
You can use your tentacles to constrict many enemies at once.
Your skin changes colour to match your surroundings (Stealth).
Your rubbery body absorbs attacks (AC +1).
Your vision is a little blurry.


Message History

Read which item? (? for menu, Esc to quit)
Okay, then.
Drink which item? (? for menu, Esc to quit)
You feel better.
Casting: Throw Icicle
Confirm with . or Enter, or press ? or * to list all spells.
Aiming: Dispel Undead
Press: ? - help, Shift-Dir - straight line, f/p - vampire knight
Aim: a vampire knight, wielding a battleaxe and wearing a plate armour (lightly damaged, fast, slightly transparent)
The vampire knight convulses!
The vampire knight points at you and mumbles some strange words.
You suddenly lose the ability to move!
The vampire knight gestures at you while chanting.
You shrug off the repeated paralysis!
The vampire knight hits you with a battleaxe!!
The vampire knight bites you!
* * * LOW HITPOINT WARNING * * *
The vampire knight draws strength from your injuries!
The vampire knight hits you with a battleaxe!!
You die...

#.# #.# ####'####
########'####
........####.#.........#
........'.##.#.#######.#
........#..'.#.#(......#
........####.#.#)#####.#
........# #...(.#.....#
######'## #####+#######
##...# #.@# ###..###
##V#### #...## #.§...#
#.###### #.....#
.......# #.....#
.[.....# #.....#
.>.....### #.....#
§........#####.....#
..§....#.....'.....#


You could see a vampire knight (invisible).

Vanquished Creatures
  The ghost of jtron the Carver, a powerful HOFi of Beogh (Orc:4)
  Harold (Lair:5)
  The ghost of avis the Severer, a powerful DDFi of Makhleb (D:11)
  3 hydras
  Erica (Lair:3)
  3 orc high priests (Orc:4)
  The ghost of Banei the Covert, a powerful VSEn of Dithmenos (D:10)
  A catoblepas (Lair:4)
  A deep elf summoner (Elf:1)
  Pikel (D:5)
  8 hill giants
  3 orc knights (Orc:4)
  A deep elf conjurer (Elf:1)
  3 cyclopes (Orc:3)
  A manticore (Lair:6)
  4 orc sorcerers
  A griffon (Lair:3)
  67 ice beasts
  5 black mambas
  A torpor snail (Lair:3)
  3 spiny frogs
  A feature mimic (D:8)
  2 komodo dragons
  2 fire drakes
  A troll (Orc:4)
  9 blink frogs
  Prince Ribbit (D:5)
  A queen bee (Lair:2)
  2 basilisks
  50 yaks
  A deep elf mage (D:9)
  A wyvern (D:8)
  3 hippogriffs
  Eustachio (Orc:1)
  7 ugly things
  2 deep elf fighters (Orc:4)
  2 wolves (Orc:3)
  The ghost of Likado the Charmwright, an average HESk (D:4)
  Edmund (D:6)
  A soldier ant (Lair:6)
  10 water moccasins
  4 wargs
  A sky beast (D:6)
  3 slaves
  16 orc warriors
  8 porcupines
  6 centaurs
  12 ogres
  Sigmund (D:6)
  9 crocodiles
  20 giant frogs
  An elf zombie (Ossuary)
  11 killer bees
  5 scorpions
  2 electric eels
  4 wights
  6 hounds
  4 crimson imps
  A goliath beetle (D:6)
  A human zombie (Ossuary)
  A giant frog skeleton (D:4)
  3 centaur zombies (Ossuary)
  A quasit (D:6)
  7 iguanas
  10 worker ants
  22 orc priests
  25 orc wizards
  6 orange rats (Lair:5)
  A killer bee zombie (D:11)
  A mottled dragon zombie (D:11)
  5 sheep
  2 ogre zombies (Ossuary)
  Ijyb (D:5)
  A big kobold skeleton (D:7)
  5 mummies (Ossuary)
  A hound skeleton (D:6)
  2 gnoll zombies
  14 green rats
  8 gnolls
  21 adders
  2 shadow imps
  4 worms
  4 giant mites
  8 adder zombies (Ossuary)
  An iguana skeleton (D:7)
  10 orc zombies
  2 adder skeletons
  2 oozes
  188 orcs
  13 bats
  7 giant cockroaches
  20 hobgoblins
  14 jackals
  10 quokkas
  3 ball pythons
  6 giant geckos
  2 giant gecko skeletons
  7 giant newts
  18 goblins
  3 goblin zombies
  5 hobgoblin zombies
  A jackal skeleton (D:9)
  22 kobolds
  2 kobold zombies (Ossuary)
  2 orc skeletons
  5 quokka zombies
  17 rats
  A rat zombie (Ossuary)
  13 ballistomycetes
  A bush (Lair:4)
  25 fungi
  28 plants
908 creatures vanquished.

Vanquished Creatures (collateral kills)
  Gastronok (Orc:1)
  A stone giant (Orc:3)
  A hydra (Lair:1)
  A centaur warrior (D:12)
  An orc high priest (Orc:4)
  A tengu warrior (D:12)
  The ghost of tabstorm the Grappler, an experienced TrHu of Okawaru (Orc:3)
  The ghost of Jynri the Conjurer, an experienced TeCj of Vehumet (D:9)
  8 hill giants
  An orc sorcerer (Orc:4)
  An orc knight (Orc:4)
  A cyclops (Orc:3)
  3 griffons
  A spiny frog (Lair:1)
  7 black mambas
  2 komodo dragons
  A deep elf priest (Elf:1)
  A troll (D:11)
  2 two-headed ogres (Orc:3)
  10 blink frogs
  A basilisk (Lair:1)
  An ugly thing (D:11)
  30 yaks
  A deep elf mage (Elf:1)
  A hungry ghost (D:11)
  A wraith (D:11)
  The ghost of Econoterrorist the Twirler, an average MiGl (D:3)
  2 wolves (Orc:3)
  Duvessa (D:6)
  4 wargs
  5 orc warriors
  A mottled dragon (D:12)
  A porcupine (Lair:3)
  5 water moccasins
  3 centaurs
  2 sky beasts
  A black bear (D:9)
  3 ogres
  A yellow wasp (D:12)
  6 crocodiles
  Blork the orc (D:6)
  A gnoll sergeant (D:8)
  A scorpion (D:9)
  21 killer bees
  3 wights
  Dowan (D:6)
  8 orc priests
  A hound (Lair:1)
  2 iguanas
  3 orc wizards
  A two-headed ogre skeleton (D:6)
  An orange rat (Lair:5)
  2 mummies (Ossuary)
  2 gnolls (D:8)
  6 adders
  6 green rats
  An inept item mimic (Lair:1)
  An orc zombie (D:9)
  An adder zombie (D:8)
  2 giant geckos (D:8)
  29 orcs
  2 bats
  A giant cockroach (D:6)
  A goblin (Orc:4)
  3 hobgoblins
  A hobgoblin skeleton (D:8)
  3 rats
222 creatures vanquished.

Vanquished Creatures (others)
  A slave (D:6)
  31 ice beasts
  A killer bee (Lair:2)
  An orc priest (D:9)
  5 sheep (Lair:1)
  4 giant spores
  2 ballistomycetes (D:8)
  A bush (Lair:5)
  2 fungi
48 creatures vanquished.

Grand Total: 1178 creatures vanquished

Notes
Turn   | Place    | Note
--------------------------------------------------------------
     0 | D:1      | staplegun, the Octopode Ice Elementalist, began the quest for the Orb.
     0 | D:1      | Reached XP level 1. HP: 11/11 MP: 3/3
   590 | D:1      | Reached XP level 2. HP: 13/17 MP: 2/4
  1363 | D:2      | Reached XP level 3. HP: 21/21 MP: 6/6
  1405 | D:2      | Found a glowing golden altar of the Shining One.
  1663 | D:2      | Learned a level 3 spell: Ozocubu's Armour
  1978 | D:2      | Found a white marble altar of Elyvilon.
  2205 | D:2      | Reached XP level 4. HP: 27/27 MP: 0/8
  2564 | D:3      | Noticed a centaur
  2987 | D:3      | Noticed Econoterrorist's ghost (average MiGl)
  2990 | D:3      | Reached skill level 1 in Fighting
  3360 | D:4      | Reached XP level 5. HP: 25/33 MP: 2/9
  3604 | D:4      | Reached skill level 1 in Short Blades
  3769 | D:4      | Noticed Likado's ghost (average HESk)
  3821 | D:4      | Learned a level 4 spell: Condensation Shield
  3945 | D:4      | Reached skill level 4 in Stealth
  3945 | D:4      | Reached XP level 6. HP: 32/38 MP: 5/13
  4933 | D:5      | Entered Level 5 of the Dungeon
  4933 | D:5      | Noticed Prince Ribbit
  5014 | D:5      | Noticed Ijyb
  5028 | D:5      | Killed Ijyb
  5229 | D:5      | Found Mnanoipp's Antique Weapon Shop.
  5327 | D:5      | Reached XP level 7. HP: 44/44 MP: 10/14
  5347 | D:5      | Learned a level 4 spell: Summon Ice Beast
  5369 | D:5      | Killed Prince Ribbit
  5369 | D:5      | Reached skill level 5 in Stealth
  5564 | D:5      | Reached skill level 1 in Summonings
  6203 | D:6      | Noticed Duvessa
  6226 | D:6      | Noticed Pikel
  6311 | D:5      | Killed Pikel
  6311 | D:5      | Reached skill level 6 in Stealth
  6311 | D:5      | Reached XP level 8. HP: 32/52 MP: 6/18
  6442 | D:6      | Noticed Sigmund
  6534 | D:6      | Noticed Blork the orc
  6560 | D:6      | Killed Blork the orc
  7120 | D:6      | Reached skill level 5 in Dodging
  7408 | D:3      | Killed a centaur
  7662 | D:3      | Reached skill level 5 in Ice Magic
  7774 | D:3      | Killed Econoterrorist's ghost
  7945 | D:5      | Bought a brightly glowing halberd for 270 gold pieces
  7947 | D:5      | Identified the +6 halberd of Temperance {chop, Noisy +Inv +Fly rElec rPois Int+3} (You bought it in a shop on level 5 of the Dungeon)
  8118 | D:7      | Found a sand-covered staircase.
  8124 | Ossuary  | Entered an ossuary
  8182 | Ossuary  | Reached XP level 9. HP: 50/57 MP: 20/20
  8201 | Ossuary  | Reached skill level 1 in Polearms
  8416 | Ossuary  | Reached skill level 7 in Stealth
  8727 | Ossuary  | Reached skill level 5 in Spellcasting
  8776 | D:7      | Found a staircase to the Ecumenical Temple.
  8781 | Temple   | Entered the Ecumenical Temple
  9687 | D:7      | Reached skill level 8 in Stealth
 10015 | D:8      | Found a stormy altar of Qazlal.
 10057 | D:8      | Became a worshipper of Qazlal Stormbringer
 10209 | D:8      | Reached skill level 9 in Stealth
 10265 | D:8      | Reached XP level 10. HP: 37/63 MP: 15/24
 10304 | D:8      | Found a deep blue altar of Sif Muna.
 10312 | D:8      | Found a bloodstained altar of Trog.
 10313 | D:8      | Found a shimmering altar of Xom.
 10337 | D:8      | Reached skill level 5 in Polearms
 10377 | D:8      | Acquired Qazlal's first power
 10499 | D:8      | Reached skill level 10 in Stealth
 10631 | D:8      | Found a staircase to the Lair.
 10640 | D:8      | the staircase to the Lair was a mimic.
 11358 | D:9      | Acquired Qazlal's second power
 11606 | D:9      | Gained mutation: Your vision is a little blurry. [potion of mutation]
 11667 | D:9      | Found a burning altar of Makhleb.
 11667 | D:9      | Noticed an Executioner
 11670 | D:9      | Found a glowing silver altar of Zin.
 11675 | D:9      | Noticed an angel
 11866 | D:9      | Found a radiant altar of Vehumet.
 11866 | D:9      | Found a shadowy altar of Dithmenos.
 11867 | D:9      | Found an ancient bone altar of Kikubaaqudgha.
 12149 | D:9      | Noticed Jynri's ghost (experienced TeCj)
 12169 | D:9      | Killed Jynri's ghost
 12169 | D:9      | Reached skill level 11 in Stealth
 12336 | D:9      | Acquired Qazlal's third power
 12346 | D:9      | Found a staircase to the Orcish Mines.
 12611 | D:10     | Entered Level 10 of the Dungeon
 12692 | D:10     | Noticed Banei's ghost (powerful VSEn)
 12729 | D:10     | Killed Banei's ghost
 12729 | D:10     | Reached XP level 11. HP: 54/67 MP: 9/27
 13178 | D:11     | Found an opulent altar of Gozag.
 13186 | D:11     | Acquired Qazlal's fourth power
 13384 | D:11     | Noticed avis' ghost (powerful DDFi)
 13397 | D:11     | Killed avis' ghost
 13526 | D:6      | Killed Sigmund
 13678 | D:4      | Killed Likado's ghost
 14073 | D:6      | Found a glowing golden altar of the Shining One.
 14073 | D:6      | Noticed Edmund
 14079 | D:6      | Killed Edmund
 14115 | D:6      | Noticed Dowan
 14123 | D:6      | Killed Duvessa
 14125 | D:6      | Killed Dowan
 14881 | D:11     | Reached skill level 5 in Summonings
 15041 | D:11     | Found a staircase to the Lair.
 15086 | D:11     | Acquired Qazlal's fifth power
 15393 | D:12     | Noticed a hill giant
 15401 | D:12     | Killed a hill giant
 15481 | Lair:1   | Entered Level 1 of the Lair of Beasts
 15500 | Lair:1   | Learned a level 4 spell: Throw Icicle
 15505 | Lair:1   | Noticed a seven-headed hydra
 15571 | D:12     | Noticed a centaur warrior
 15584 | D:12     | Killed a centaur warrior
 15602 | D:12     | Noticed a hill giant
 15616 | D:12     | Killed a hill giant
 15660 | D:12     | Noticed a tengu warrior
 15683 | D:12     | Killed a tengu warrior
 15807 | D:12     | Noticed a hill giant
 15814 | D:12     | Killed a hill giant
 15900 | D:12     | Noticed a deep troll earth mage
 16165 | Orc:1    | Entered Level 1 of the Orcish Mines
 16225 | Orc:1    | Noticed Eustachio
 16271 | Orc:1    | Killed Eustachio
 16499 | Orc:1    | Reached XP level 12. HP: 72/72 MP: 27/29
 16628 | Orc:1    | Noticed Gastronok
 16688 | Orc:1    | Killed Gastronok
 17525 | Orc:2    | Found Cavury's Antique Weapon Shoppe.
 17552 | Orc:2    | Bought an iridescent lajatang for 400 gold pieces
 17552 | Orc:2    | Bought a steaming flail for 170 gold pieces
 17554 | Orc:2    | Identified the +10 flail "Mulyoc" {freeze, -Tele rC+ Dex+2} (You bought it in a shop on level 2 of the Orcish Mines)
 17555 | Orc:2    | Identified the cursed +1 lajatang "Cekheuq" {drain, rF+ rN+} (You bought it in a shop on level 2 of the Orcish Mines)
 18086 | Orc:2    | Reached skill level 1 in Staves
 18086 | Orc:2    | Reached skill level 10 in Spellcasting
 18535 | Orc:3    | Noticed tabstorm's ghost (experienced TrHu)
 18676 | Orc:3    | Killed tabstorm's ghost
 18720 | Orc:3    | Found a bloodstained altar of Trog.
 18745 | Orc:4    | Entered Level 4 of the Orcish Mines
 18745 | Orc:4    | Noticed jtron's ghost (powerful HOFi)
 19237 | Orc:3    | Found a roughly hewn altar of Beogh.
 20316 | Orc:3    | Reached XP level 13. HP: 49/77 MP: 9/31
 20580 | Orc:3    | Noticed a stone giant
 20598 | Orc:3    | Killed a stone giant
 20706 | Orc:3    | Got a dazzling flail
 20715 | Orc:3    | Got a twisted spear
 20718 | Orc:3    | Identified the +9 spear of Jeagampu {flame, rElec} (You found it on level 3 of the Orcish Mines)
 20719 | Orc:3    | Identified the +0 flail "Gachont" {holy, rPois rF+ Str+1 Dex+3} (You found it on level 3 of the Orcish Mines)
 20753 | Orc:3    | Got a polished flail
 21168 | Orc:4    | Noticed an orc high priest
 22042 | Lair:1   | Killed a seven-headed hydra
 22042 | Lair:1   | Reached skill level 5 in Staves
 22042 | Lair:1   | Reached skill level 10 in Ice Magic
 22482 | Lair:1   | Found a shimmering altar of Xom.
 22904 | Lair:1   | Noticed a seven-headed hydra
 22930 | Lair:1   | Killed a seven-headed hydra
 22930 | Lair:1   | Reached skill level 1 in Invocations
 23911 | Lair:2   | Identified the cursed +4 flail of the Puffball {crush, MR+ Int+3 SInv} (You found it on level 3 of the Orcish Mines)
 24688 | Lair:3   | Learned a level 5 spell: Dispel Undead
 24730 | Lair:3   | Found a staircase to the Snake Pit.
 24800 | Lair:3   | Reached skill level 1 in Necromancy
 25312 | Lair:3   | Noticed Erica
 25325 | Lair:3   | Killed Erica
 25332 | Lair:3   | Reached skill level 5 in Fighting
 26082 | Lair:3   | Learned a level 5 spell: Bolt of Draining
 26379 | Lair:3   | Reached XP level 14. HP: 48/88 MP: 27/33
 27944 | Lair:5   | Noticed Harold
 27957 | Lair:5   | Killed Harold
 28113 | Lair:5   | Identified a scroll of acquirement
 28738 | Lair:6   | Reached skill level 5 in Invocations
 29070 | Lair:6   | Found a staircase to the Shoals.
 29824 | Lair:7   | Noticed Nergalle
 30422 | Orc:4    | Killed jtron's ghost
 30762 | Orc:4    | Killed an orc high priest
 30762 | Orc:4    | Reached skill level 12 in Spellcasting
 30989 | Orc:4    | Noticed an orc high priest
 30989 | Orc:4    | Noticed an orc high priest
 31000 | Orc:4    | Killed an orc high priest
 31006 | Orc:4    | Killed an orc high priest
 31006 | Orc:4    | Reached skill level 5 in Necromancy
 31461 | Orc:4    | Found a staircase to the Elven Halls.
 32064 | Orc:4    | Noticed an orc high priest
 32066 | Orc:4    | Killed an orc high priest
 32204 | Orc:4    | Found Broot's Antique Armour Emporium.
 32204 | Orc:4    | Found Soid's Weapon Emporium.
 32205 | Orc:4    | Found Totzovudou's Weapon Shop.
 32205 | Orc:4    | Found Schinnen's Antique Weapon Shop.
 32347 | Elf:1    | Entered Level 1 of the Elven Halls
 32866 | D:12     | Noticed a hill giant
 32877 | D:11     | Reached XP level 15. HP: 79/97 MP: 31/34
 32901 | D:11     | Killed a hill giant
 32936 | D:12     | Noticed a vampire knight
 32936 | D:12     | Paralysed by a vampire knight for 3 turns
 32968 | D:11     | Paralysed by a vampire knight for 5 turns
 32970 | D:11     | Mangled by a vampire knight

Action                   |  1- 3 |  4- 6 |  7- 9 | 10-12 | 13-15 || total
-------------------------+-------+-------+-------+-------+-------++-------
Melee: Unarmed           |     9 |       |       |       |       ||     9
       Dagger            |    81 |    29 |    90 |       |       ||   200
       Short sword       |       |   172 |    29 |       |       ||   201
       Halberd           |       |       |   138 |   554 |   616 ||  1308
       Lajatang          |       |       |       |   151 |    56 ||   207
 Fire: Blowgun           |       |       |     9 |       |       ||     9
 Cast: Freeze            |    15 |    12 |    17 |    10 |       ||    54
       Ozocubu's Armour  |     2 |    15 |    18 |    45 |    63 ||   143
       Condensation Shie |       |     4 |     9 |    33 |    59 ||   105
       Summon Ice Beast  |       |       |    29 |    77 |   107 ||   213
       Throw Icicle      |       |       |       |    37 |    61 ||    98
       Bolt of Draining  |       |       |       |       |     1 ||     1
       Dispel Undead     |       |       |       |       |     1 ||     1
Evoke: Wand              |       |     1 |     5 |     4 |     6 ||    16
       Lamp of fire      |       |       |       |       |     1 ||     1
  Use: Scroll            |       |     7 |     8 |     9 |     8 ||    32
       Potion            |       |     4 |     1 |    11 |     4 ||    20
 Stab: Sleeping          |     6 |    17 |    24 |       |       ||    47
       Distracted        |       |     1 |     2 |     5 |     9 ||    17
       Invisible         |       |       |       |       |     5 ||     5
  Eat: Chunk             |     4 |     9 |    18 |    37 |    29 ||    97
       Pizza             |       |     3 |     4 |     1 |       ||     8
       Bread ration      |       |     1 |       |       |     1 ||     2
       Fruit             |       |       |       |     2 |     3 ||     5
       Meat ration       |       |       |       |       |     1 ||     1
